General information
- name: BNet
- type: Ladder 1vs1/FFA
- host: Battle.net
- saver: BRUCEWILLISUSA
map: LostTemple
- players: 2
- length: 145:17
- speed: Fast
- version: 1.24 W3XP
- replay type: Public
» download(286 KB)
Players
team 1 (loser)
Windx (
blue | 2 APM | 242 actions | 144:53)
» actions
| Assign group hotkey | 7 | |
| Basic commands | 4 | |
| Build / train | 11 | |
| Enter build submenu | 11 | |
| Right click | 116 | |
| Select / deselect | 58 | |
| Select group hotkey | 20 | |
| Use ability | 15 | |
242 total
» units
» buildings
| Altar of Kings | 1 | |
| Farm | 2 | |
| Scout Tower | 5 | |
| Keep | 1 | |
9 total
» build order
00:26 Altar of Kings
00:37 Farm
00:55 Scout Tower
01:22 Scout Tower
02:02 Farm
02:42 Keep
04:05 Scout Tower
04:09 Scout Tower
04:11 Scout Tower
team 2 (winner)
BRUCEWILLISUSA (
pink | 49 APM | 7100 actions | 145:17)
5 Archmage
3 Summon Water Elemental
2 Brilliance Aura
5 Mountain King
3 Storm Bolt
2 Bash
5 Paladin
3 Holy Light
2 Devotion Aura
» actions
| Assign group hotkey | 86 | |
| Basic commands | 313 | |
| Build / train | 287 | |
| ESC pressed | 9 | |
| Enter build submenu | 233 | |
| Enter hero's abilities submenu | 16 | |
| Give item / drop item | 9 | |
| Right click | 1173 | |
| Select / deselect | 1399 | |
| Select group hotkey | 558 | |
| Use ability | 3017 | |
7100 total
» units
| Peasant | 49 | |
| Goblin Shredder | 6 | |
| Gryphon Rider | 5 | |
| Dragonhawk Rider | 3 | |
| Goblin Zeppelin | 96 | |
| Mortar Team | 3 | |
162 total
» upgrades
| Masonry | 3 | |
| Storm Hammers | 1 | |
| Swords | 3 | |
| Armor | 3 | |
| Lumber Harvesting | 2 | |
| Animal War Training | 1 | |
| Long Rifles | 1 | |
| Defend | 1 | |
| Sorceress Training | 2 | |
| Priest Training | 2 | |
| Magic Sentry | 1 | |
| Control Magic | 1 | |
| Flak Cannons | 1 | |
| Fragmentation Shards | 1 | |
| Flying Machine Bombs | 1 | |
| Flare | 1 | |
| Barrage | 1 | |
| Plating | 3 | |
| Gunpowder | 3 | |
| Cloud | 1 | |
| Backpack | 1 | |
34 total
» buildings
| Lumber Mill | 6 | |
| Scout Tower | 2779 | |
| Altar of Kings | 1 | |
| Farm | 12 | |
| Keep | 2 | |
| Guard Tower | 63 | |
| Town Hall | 10 | |
| Castle | 1 | |
| Gryphon Aviary | 3 | |
| Blacksmith | 2 | |
| Arcane Vault | 2 | |
| Barracks | 1 | |
| Arcane Sanctum | 1 | |
| Workshop | 1 | |
2884 total
» build order
00:57 Lumber Mill
00:58 Lumber Mill
01:00 Lumber Mill
01:01 Scout Tower
01:14 Lumber Mill
01:17 Lumber Mill
01:20 Scout Tower
01:22 Scout Tower
01:29 Scout Tower
01:34 Altar of Kings
01:51 Farm
01:52 Farm
02:47 Farm
03:21 Lumber Mill
03:50 Keep
04:48 Scout Tower
04:49 Scout Tower
04:55 Scout Tower
04:57 Scout Tower
05:13 Scout Tower
05:13 Scout Tower
05:16 Scout Tower
05:20 Guard Tower
05:41 Town Hall
06:29 Castle
07:00 Guard Tower
08:10 Gryphon Aviary
08:13 Gryphon Aviary
08:16 Gryphon Aviary
08:23 Farm
08:25 Farm
08:26 Farm
08:27 Farm
08:28 Farm
08:46 Farm
08:48 Farm
08:48 Farm
08:49 Farm
09:27 Blacksmith
12:21 Arcane Vault
16:47 Barracks
18:00 Arcane Sanctum
18:04 Blacksmith
18:05 Workshop
20:37 Guard Tower
20:51 Town Hall
23:04 Town Hall
23:11 Town Hall
23:23 Town Hall
23:41 Town Hall
24:09 Town Hall
24:30 Town Hall
24:33 Town Hall
24:36 Town Hall
31:32 Arcane Vault
31:36 Scout Tower
31:39 Scout Tower
40:11 Scout Tower
40:12 Scout Tower
40:13 Scout Tower
40:14 Scout Tower
40:15 Scout Tower
40:16 Scout Tower
40:17 Scout Tower
40:18 Scout Tower
40:19 Scout Tower
40:29 Scout Tower
40:30 Scout Tower
40:31 Scout Tower
40:32 Scout Tower
40:33 Scout Tower
40:34 Scout Tower
40:35 Scout Tower
40:37 Scout Tower
40:40 Scout Tower
44:44 Scout Tower
44:45 Scout Tower
44:46 Scout Tower
44:47 Scout Tower
44:48 Scout Tower
44:49 Scout Tower
44:49 Scout Tower
44:50 Scout Tower
44:51 Scout Tower
44:52 Scout Tower
44:55 Scout Tower
44:55 Scout Tower
44:56 Scout Tower
44:57 Scout Tower
44:58 Scout Tower
45:15 Scout Tower
45:16 Scout Tower
45:18 Scout Tower
45:18 Scout Tower
45:19 Scout Tower
45:20 Scout Tower
45:21 Scout Tower
45:23 Scout Tower
45:24 Scout Tower
45:26 Scout Tower
45:27 Scout Tower
45:28 Scout Tower
45:29 Scout Tower
45:30 Scout Tower
45:31 Scout Tower
45:32 Scout Tower
45:33 Scout Tower
45:37 Scout Tower
45:37 Scout Tower
45:40 Scout Tower
45:40 Scout Tower
51:17 Keep
51:22 Scout Tower
51:24 Scout Tower
51:26 Scout Tower
51:27 Scout Tower
51:31 Scout Tower
51:32 Scout Tower
51:33 Scout Tower
51:35 Scout Tower
51:36 Scout Tower
51:37 Scout Tower
51:38 Scout Tower
51:39 Scout Tower
51:40 Scout Tower
54:39 Scout Tower
54:42 Scout Tower
54:43 Scout Tower
54:44 Scout Tower
54:49 Scout Tower
54:50 Scout Tower
54:51 Scout Tower
54:53 Scout Tower
54:54 Scout Tower
54:55 Scout Tower
54:58 Scout Tower
54:59 Scout Tower
55:07 Scout Tower
55:09 Scout Tower
55:11 Scout Tower
55:13 Scout Tower
55:14 Scout Tower
55:15 Scout Tower
55:17 Scout Tower
55:19 Scout Tower
55:20 Scout Tower
55:21 Scout Tower
55:22 Scout Tower
55:23 Scout Tower
55:25 Scout Tower
55:26 Scout Tower
55:27 Scout Tower
55:28 Scout Tower
56:37 Scout Tower
56:41 Scout Tower
56:42 Scout Tower
56:44 Scout Tower
56:45 Scout Tower
56:47 Scout Tower
56:49 Scout Tower
56:51 Scout Tower
56:51 Scout Tower
56:53 Scout Tower
56:55 Scout Tower
56:57 Scout Tower
56:58 Scout Tower
56:59 Scout Tower
57:00 Scout Tower
57:01 Scout Tower
57:02 Scout Tower
57:05 Scout Tower
57:09 Scout Tower
57:10 Scout Tower
57:11 Scout Tower
57:28 Scout Tower
57:29 Scout Tower
57:30 Scout Tower
57:32 Scout Tower
57:35 Scout Tower
57:37 Scout Tower
57:38 Scout Tower
57:39 Scout Tower
57:40 Scout Tower
57:41 Scout Tower
58:28 Scout Tower
58:28 Scout Tower
58:43 Scout Tower
60:55 Scout Tower
60:56 Scout Tower
60:58 Scout Tower
60:59 Scout Tower
61:00 Scout Tower
61:02 Scout Tower
65:12 Scout Tower
65:13 Scout Tower
65:15 Scout Tower
65:16 Scout Tower
65:17 Scout Tower
65:18 Scout Tower
65:19 Scout Tower
65:20 Scout Tower
65:21 Scout Tower
65:23 Scout Tower
65:26 Scout Tower
65:27 Scout Tower
65:28 Scout Tower
65:29 Scout Tower
65:30 Scout Tower
65:31 Scout Tower
65:33 Scout Tower
65:34 Scout Tower
65:35 Scout Tower
65:36 Scout Tower
65:37 Scout Tower
65:38 Scout Tower
65:40 Scout Tower
65:41 Scout Tower
65:42 Scout Tower
65:43 Scout Tower
65:44 Scout Tower
65:45 Scout Tower
66:37 Scout Tower
66:43 Scout Tower
66:44 Scout Tower
66:45 Scout Tower
66:46 Scout Tower
66:47 Scout Tower
66:48 Scout Tower
66:50 Scout Tower
66:53 Scout Tower
66:56 Scout Tower
66:57 Scout Tower
66:59 Scout Tower
67:03 Scout Tower
67:04 Scout Tower
67:05 Scout Tower
67:07 Scout Tower
67:08 Scout Tower
67:13 Scout Tower
67:16 Scout Tower
67:17 Scout Tower
67:18 Scout Tower
67:20 Scout Tower
67:21 Scout Tower
67:23 Scout Tower
67:25 Scout Tower
67:57 Scout Tower
67:58 Scout Tower
67:59 Scout Tower
68:10 Scout Tower
68:11 Scout Tower
68:12 Scout Tower
68:13 Scout Tower
68:14 Scout Tower
68:15 Scout Tower
68:17 Scout Tower
68:19 Scout Tower
68:21 Scout Tower
68:22 Scout Tower
68:23 Scout Tower
68:25 Scout Tower
68:25 Scout Tower
68:26 Scout Tower
68:28 Scout Tower
68:29 Scout Tower
68:30 Scout Tower
68:31 Scout Tower
68:34 Scout Tower
68:35 Scout Tower
68:37 Scout Tower
68:38 Scout Tower
68:39 Scout Tower
68:41 Scout Tower
68:42 Scout Tower
68:43 Scout Tower
68:44 Scout Tower
68:45 Scout Tower
71:35 Scout Tower
71:37 Scout Tower
71:38 Scout Tower
71:41 Scout Tower
71:42 Scout Tower
71:43 Scout Tower
71:46 Scout Tower
71:47 Scout Tower
71:49 Scout Tower
71:50 Scout Tower
71:53 Scout Tower
71:56 Scout Tower
71:57 Scout Tower
71:59 Scout Tower
72:00 Scout Tower
72:01 Scout Tower
72:03 Scout Tower
72:04 Scout Tower
72:07 Scout Tower
72:09 Scout Tower
72:11 Scout Tower
72:12 Scout Tower
72:14 Scout Tower
72:16 Scout Tower
72:17 Scout Tower
72:18 Scout Tower
72:19 Scout Tower
72:20 Scout Tower
72:22 Scout Tower
72:23 Scout Tower
72:25 Scout Tower
72:27 Scout Tower
72:28 Scout Tower
74:17 Scout Tower
74:20 Scout Tower
74:21 Scout Tower
74:22 Scout Tower
74:23 Scout Tower
74:24 Scout Tower
74:25 Scout Tower
75:20 Scout Tower
75:20 Scout Tower
75:20 Scout Tower
75:20 Scout Tower
75:21 Scout Tower
75:21 Scout Tower
75:21 Scout Tower
75:22 Scout Tower
75:22 Scout Tower
75:22 Scout Tower
75:22 Scout Tower
75:23 Scout Tower
75:23 Scout Tower
75:23 Scout Tower
75:23 Scout Tower
75:24 Scout Tower
75:24 Scout Tower
75:24 Scout Tower
75:24 Scout Tower
75:25 Scout Tower
75:25 Scout Tower
75:25 Scout Tower
75:25 Scout Tower
75:26 Scout Tower
75:27 Scout Tower
75:27 Scout Tower
75:27 Scout Tower
75:27 Scout Tower
75:28 Scout Tower
75:28 Scout Tower
75:28 Scout Tower
75:29 Scout Tower
75:30 Scout Tower
75:30 Scout Tower
75:30 Scout Tower
75:30 Scout Tower
75:31 Scout Tower
75:31 Scout Tower
75:31 Scout Tower
75:32 Scout Tower
75:32 Scout Tower
75:33 Scout Tower
75:33 Scout Tower
75:33 Scout Tower
75:33 Scout Tower
75:34 Scout Tower
75:34 Scout Tower
76:40 Scout Tower
76:40 Scout Tower
76:40 Scout Tower
76:41 Scout Tower
76:41 Scout Tower
76:42 Scout Tower
76:42 Scout Tower
76:42 Scout Tower
76:43 Scout Tower
76:43 Scout Tower
76:44 Scout Tower
76:44 Scout Tower
76:44 Scout Tower
76:45 Scout Tower
76:46 Scout Tower
76:46 Scout Tower
76:46 Scout Tower
76:46 Scout Tower
76:47 Scout Tower
76:48 Scout Tower
76:48 Scout Tower
76:49 Scout Tower
76:49 Scout Tower
76:49 Scout Tower
76:50 Scout Tower
76:50 Scout Tower
76:51 Scout Tower
76:51 Scout Tower
76:51 Scout Tower
76:52 Scout Tower
76:53 Scout Tower
76:53 Scout Tower
76:53 Scout Tower
76:54 Scout Tower
76:54 Scout Tower
76:54 Scout Tower
76:55 Scout Tower
76:55 Scout Tower
76:56 Scout Tower
76:56 Scout Tower
76:56 Scout Tower
77:00 Scout Tower
77:01 Scout Tower
77:01 Scout Tower
77:02 Scout Tower
77:02 Scout Tower
77:03 Scout Tower
77:03 Scout Tower
77:04 Scout Tower
77:04 Scout Tower
77:04 Scout Tower
77:05 Scout Tower
77:06 Scout Tower
77:06 Scout Tower
77:06 Scout Tower
77:07 Scout Tower
77:08 Scout Tower
77:08 Scout Tower
77:08 Scout Tower
77:09 Scout Tower
77:09 Scout Tower
77:09 Scout Tower
77:10 Scout Tower
77:10 Scout Tower
77:11 Scout Tower
77:11 Scout Tower
77:11 Scout Tower
77:11 Scout Tower
77:34 Scout Tower
77:34 Scout Tower
77:35 Scout Tower
77:35 Scout Tower
77:35 Scout Tower
77:36 Scout Tower
77:36 Scout Tower
77:36 Scout Tower
77:36 Scout Tower
77:37 Scout Tower
77:37 Scout Tower
77:38 Scout Tower
77:38 Scout Tower
77:39 Scout Tower
77:39 Scout Tower
77:39 Scout Tower
77:40 Scout Tower
77:40 Scout Tower
77:41 Scout Tower
77:41 Scout Tower
77:41 Scout Tower
77:41 Scout Tower
77:42 Scout Tower
77:43 Scout Tower
77:43 Scout Tower
77:44 Scout Tower
77:44 Scout Tower
77:44 Scout Tower
77:44 Scout Tower
77:45 Scout Tower
77:45 Scout Tower
77:46 Scout Tower
77:46 Scout Tower
77:46 Scout Tower
77:47 Scout Tower
77:47 Scout Tower
77:47 Scout Tower
77:49 Scout Tower
77:49 Scout Tower
77:49 Scout Tower
77:49 Scout Tower
77:50 Scout Tower
77:51 Scout Tower
77:51 Scout Tower
77:52 Scout Tower
77:52 Scout Tower
77:52 Scout Tower
77:54 Scout Tower
77:54 Scout Tower
77:54 Scout Tower
77:54 Scout Tower
77:55 Scout Tower
77:56 Scout Tower
77:56 Scout Tower
77:56 Scout Tower
77:57 Scout Tower
77:57 Scout Tower
77:57 Scout Tower
77:58 Scout Tower
77:59 Scout Tower
77:59 Scout Tower
77:59 Scout Tower
77:59 Scout Tower
78:00 Scout Tower
78:01 Scout Tower
78:01 Scout Tower
78:01 Scout Tower
78:02 Scout Tower
78:03 Scout Tower
78:03 Scout Tower
78:04 Scout Tower
78:04 Scout Tower
78:04 Scout Tower
78:04 Scout Tower
78:05 Scout Tower
78:05 Scout Tower
78:06 Scout Tower
78:06 Scout Tower
78:06 Scout Tower
78:08 Scout Tower
78:08 Scout Tower
78:08 Scout Tower
78:08 Scout Tower
78:55 Scout Tower
78:55 Scout Tower
78:56 Scout Tower
78:56 Scout Tower
78:57 Scout Tower
78:57 Scout Tower
78:57 Scout Tower
78:58 Scout Tower
78:58 Scout Tower
78:59 Scout Tower
78:59 Scout Tower
78:59 Scout Tower
79:00 Scout Tower
79:00 Scout Tower
79:01 Scout Tower
79:02 Scout Tower
79:02 Scout Tower
79:02 Scout Tower
79:02 Scout Tower
79:03 Scout Tower
79:03 Scout Tower
79:04 Scout Tower
79:04 Scout Tower
79:05 Scout Tower
79:05 Scout Tower
79:05 Scout Tower
79:05 Scout Tower
79:06 Scout Tower
79:06 Scout Tower
79:07 Scout Tower
79:07 Scout Tower
79:07 Scout Tower
79:08 Scout Tower
79:08 Scout Tower
79:08 Scout Tower
79:09 Scout Tower
79:10 Scout Tower
79:10 Scout Tower
79:11 Scout Tower
79:11 Scout Tower
79:11 Scout Tower
79:12 Scout Tower
79:12 Scout Tower
79:12 Scout Tower
79:12 Scout Tower
79:13 Scout Tower
79:13 Scout Tower
79:14 Scout Tower
79:14 Scout Tower
79:14 Scout Tower
79:26 Scout Tower
79:26 Scout Tower
79:27 Scout Tower
79:27 Scout Tower
79:28 Scout Tower
79:28 Scout Tower
79:28 Scout Tower
79:28 Scout Tower
79:29 Scout Tower
79:29 Scout Tower
79:29 Scout Tower
79:30 Scout Tower
79:30 Scout Tower
79:30 Scout Tower
79:31 Scout Tower
79:31 Scout Tower
79:31 Scout Tower
79:32 Scout Tower
79:32 Scout Tower
79:32 Scout Tower
79:32 Scout Tower
79:33 Scout Tower
79:33 Scout Tower
79:33 Scout Tower
79:34 Scout Tower
79:34 Scout Tower
79:35 Scout Tower
79:35 Scout Tower
79:35 Scout Tower
79:35 Scout Tower
79:36 Scout Tower
79:38 Scout Tower
79:39 Scout Tower
79:39 Scout Tower
79:39 Scout Tower
79:39 Scout Tower
79:40 Scout Tower
79:40 Scout Tower
79:40 Scout Tower
79:41 Scout Tower
79:41 Scout Tower
79:41 Scout Tower
79:41 Scout Tower
79:43 Scout Tower
79:43 Scout Tower
79:43 Scout Tower
79:43 Scout Tower
79:44 Scout Tower
79:44 Scout Tower
79:44 Scout Tower
79:44 Scout Tower
79:45 Scout Tower
79:45 Scout Tower
79:45 Scout Tower
79:45 Scout Tower
79:46 Scout Tower
79:50 Scout Tower
79:51 Scout Tower
79:51 Scout Tower
79:51 Scout Tower
79:51 Scout Tower
79:52 Scout Tower
79:52 Scout Tower
79:52 Scout Tower
79:53 Scout Tower
79:54 Scout Tower
79:54 Scout Tower
79:54 Scout Tower
79:54 Scout Tower
79:56 Scout Tower
79:56 Scout Tower
79:56 Scout Tower
79:56 Scout Tower
79:57 Scout Tower
79:57 Scout Tower
79:58 Scout Tower
79:58 Scout Tower
79:58 Scout Tower
79:59 Scout Tower
79:59 Scout Tower
79:59 Scout Tower
80:07 Scout Tower
80:08 Scout Tower
80:08 Scout Tower
80:08 Scout Tower
80:11 Scout Tower
80:11 Scout Tower
80:11 Scout Tower
80:12 Scout Tower
80:12 Scout Tower
80:12 Scout Tower
80:13 Scout Tower
80:13 Scout Tower
80:14 Scout Tower
80:16 Scout Tower
80:16 Scout Tower
80:16 Scout Tower
80:16 Scout Tower
80:17 Scout Tower
80:18 Scout Tower
80:18 Scout Tower
80:18 Scout Tower
80:18 Scout Tower
80:19 Scout Tower
80:19 Scout Tower
80:19 Scout Tower
80:19 Scout Tower
80:20 Scout Tower
80:20 Scout Tower
80:21 Scout Tower
80:21 Scout Tower
80:21 Scout Tower
80:22 Scout Tower
80:37 Scout Tower
80:37 Scout Tower
80:37 Scout Tower
80:37 Scout Tower
80:38 Scout Tower
80:38 Scout Tower
80:38 Scout Tower
80:39 Scout Tower
80:39 Scout Tower
80:39 Scout Tower
80:39 Scout Tower
80:40 Scout Tower
80:40 Scout Tower
80:40 Scout Tower
80:40 Scout Tower
80:41 Scout Tower
80:42 Scout Tower
80:42 Scout Tower
80:43 Scout Tower
80:43 Scout Tower
80:43 Scout Tower
80:44 Scout Tower
80:44 Scout Tower
80:45 Scout Tower
80:45 Scout Tower
80:45 Scout Tower
80:46 Scout Tower
80:47 Scout Tower
80:47 Scout Tower
80:47 Scout Tower
80:48 Scout Tower
80:48 Scout Tower
80:49 Scout Tower
80:49 Scout Tower
80:50 Scout Tower
80:50 Scout Tower
80:50 Scout Tower
80:51 Scout Tower
80:51 Scout Tower
80:51 Scout Tower
80:52 Scout Tower
80:52 Scout Tower
80:52 Scout Tower
80:52 Scout Tower
81:04 Scout Tower
81:04 Scout Tower
81:04 Scout Tower
81:05 Scout Tower
81:06 Scout Tower
81:06 Scout Tower
81:06 Scout Tower
81:07 Scout Tower
81:07 Scout Tower
81:07 Scout Tower
81:07 Scout Tower
81:08 Scout Tower
81:08 Scout Tower
81:08 Scout Tower
81:08 Scout Tower
81:09 Scout Tower
81:09 Scout Tower
81:09 Scout Tower
81:09 Scout Tower
81:10 Scout Tower
81:10 Scout Tower
81:10 Scout Tower
81:11 Scout Tower
81:11 Scout Tower
81:11 Scout Tower
81:12 Scout Tower
81:12 Scout Tower
81:12 Scout Tower
81:12 Scout Tower
81:13 Scout Tower
81:14 Scout Tower
81:14 Scout Tower
81:14 Scout Tower
81:14 Scout Tower
81:15 Scout Tower
81:15 Scout Tower
81:15 Scout Tower
81:15 Scout Tower
81:16 Scout Tower
81:16 Scout Tower
81:16 Scout Tower
81:16 Scout Tower
81:17 Scout Tower
81:17 Scout Tower
81:17 Scout Tower
81:18 Scout Tower
81:19 Scout Tower
81:20 Scout Tower
81:20 Scout Tower
81:20 Scout Tower
81:20 Scout Tower
81:21 Scout Tower
81:21 Scout Tower
81:27 Scout Tower
81:28 Scout Tower
81:28 Scout Tower
81:28 Scout Tower
81:28 Scout Tower
81:29 Scout Tower
81:29 Scout Tower
81:29 Scout Tower
81:30 Scout Tower
81:30 Scout Tower
81:30 Scout Tower
81:30 Scout Tower
81:31 Scout Tower
81:31 Scout Tower
81:31 Scout Tower
81:31 Scout Tower
81:32 Scout Tower
81:32 Scout Tower
84:59 Scout Tower
84:59 Scout Tower
84:59 Scout Tower
84:59 Scout Tower
85:00 Scout Tower
85:00 Scout Tower
85:01 Scout Tower
85:01 Scout Tower
85:01 Scout Tower
85:01 Scout Tower
85:02 Scout Tower
85:02 Scout Tower
85:02 Scout Tower
85:02 Scout Tower
85:03 Scout Tower
85:03 Scout Tower
85:03 Scout Tower
85:04 Scout Tower
85:04 Scout Tower
85:05 Scout Tower
85:05 Scout Tower
85:05 Scout Tower
85:06 Scout Tower
85:06 Scout Tower
85:06 Scout Tower
85:07 Scout Tower
85:07 Scout Tower
85:07 Scout Tower
85:07 Scout Tower
85:08 Scout Tower
85:08 Scout Tower
85:08 Scout Tower
85:09 Scout Tower
85:09 Scout Tower
85:09 Scout Tower
85:11 Scout Tower
85:11 Scout Tower
85:11 Scout Tower
85:12 Scout Tower
85:12 Scout Tower
85:13 Scout Tower
85:13 Scout Tower
85:13 Scout Tower
85:14 Scout Tower
85:14 Scout Tower
85:14 Scout Tower
85:14 Scout Tower
85:15 Scout Tower
85:16 Scout Tower
85:16 Scout Tower
85:16 Scout Tower
85:16 Scout Tower
85:17 Scout Tower
85:17 Scout Tower
85:17 Scout Tower
85:18 Scout Tower
85:19 Scout Tower
85:19 Scout Tower
85:19 Scout Tower
85:19 Scout Tower
85:20 Scout Tower
85:21 Scout Tower
85:21 Scout Tower
85:21 Scout Tower
85:22 Scout Tower
85:22 Scout Tower
85:22 Scout Tower
85:23 Scout Tower
85:24 Scout Tower
85:24 Scout Tower
85:24 Scout Tower
85:24 Scout Tower
85:25 Scout Tower
85:25 Scout Tower
85:25 Scout Tower
85:26 Scout Tower
85:26 Scout Tower
85:26 Scout Tower
85:26 Scout Tower
85:27 Scout Tower
85:27 Scout Tower
85:27 Scout Tower
85:28 Scout Tower
85:28 Scout Tower
85:28 Scout Tower
85:28 Scout Tower
85:45 Scout Tower
85:45 Scout Tower
85:45 Scout Tower
85:46 Scout Tower
85:46 Scout Tower
85:46 Scout Tower
85:46 Scout Tower
85:47 Scout Tower
85:47 Scout Tower
85:47 Scout Tower
85:47 Scout Tower
85:48 Scout Tower
85:48 Scout Tower
85:48 Scout Tower
85:49 Scout Tower
85:49 Scout Tower
85:49 Scout Tower
85:49 Scout Tower
85:50 Scout Tower
85:50 Scout Tower
85:50 Scout Tower
85:50 Scout Tower
85:51 Scout Tower
85:51 Scout Tower
85:51 Scout Tower
85:51 Scout Tower
85:52 Scout Tower
85:52 Scout Tower
85:52 Scout Tower
85:52 Scout Tower
85:54 Scout Tower
85:54 Scout Tower
85:54 Scout Tower
85:54 Scout Tower
85:55 Scout Tower
85:55 Scout Tower
85:55 Scout Tower
85:55 Scout Tower
85:56 Scout Tower
85:56 Scout Tower
85:56 Scout Tower
85:56 Scout Tower
85:57 Scout Tower
85:57 Scout Tower
85:58 Scout Tower
85:58 Scout Tower
85:58 Scout Tower
85:58 Scout Tower
85:59 Scout Tower
85:59 Scout Tower
86:00 Scout Tower
86:00 Scout Tower
86:00 Scout Tower
86:00 Scout Tower
86:01 Scout Tower
86:01 Scout Tower
86:01 Scout Tower
86:01 Scout Tower
86:02 Scout Tower
86:02 Scout Tower
86:02 Scout Tower
86:02 Scout Tower
86:03 Scout Tower
86:03 Scout Tower
86:03 Scout Tower
86:03 Scout Tower
86:04 Scout Tower
86:04 Scout Tower
86:05 Scout Tower
86:05 Scout Tower
86:06 Scout Tower
86:06 Scout Tower
86:06 Scout Tower
86:06 Scout Tower
86:07 Scout Tower
86:07 Scout Tower
86:34 Scout Tower
86:34 Scout Tower
86:35 Scout Tower
86:35 Scout Tower
86:35 Scout Tower
86:35 Scout Tower
86:36 Scout Tower
86:36 Scout Tower
86:36 Scout Tower
86:36 Scout Tower
86:37 Scout Tower
86:37 Scout Tower
86:37 Scout Tower
86:37 Scout Tower
86:38 Scout Tower
86:38 Scout Tower
86:38 Scout Tower
86:38 Scout Tower
86:39 Scout Tower
86:40 Scout Tower
86:40 Scout Tower
86:40 Scout Tower
86:41 Scout Tower
86:42 Scout Tower
86:42 Scout Tower
86:43 Scout Tower
86:43 Scout Tower
86:43 Scout Tower
86:44 Scout Tower
86:44 Scout Tower
86:45 Scout Tower
86:45 Scout Tower
86:46 Scout Tower
86:46 Scout Tower
86:46 Scout Tower
86:47 Scout Tower
86:47 Scout Tower
86:47 Scout Tower
86:47 Scout Tower
86:48 Scout Tower
86:59 Scout Tower
86:59 Scout Tower
86:59 Scout Tower
87:00 Scout Tower
87:00 Scout Tower
87:00 Scout Tower
87:01 Scout Tower
87:01 Scout Tower
87:02 Scout Tower
87:02 Scout Tower
87:03 Scout Tower
87:03 Scout Tower
87:03 Scout Tower
87:03 Scout Tower
87:04 Scout Tower
87:04 Scout Tower
87:04 Scout Tower
87:04 Scout Tower
87:05 Scout Tower
87:06 Scout Tower
87:06 Scout Tower
87:06 Scout Tower
87:07 Scout Tower
87:07 Scout Tower
87:07 Scout Tower
87:07 Scout Tower
87:08 Scout Tower
87:08 Scout Tower
87:09 Scout Tower
87:09 Scout Tower
87:09 Scout Tower
87:10 Scout Tower
87:10 Scout Tower
87:10 Scout Tower
87:16 Scout Tower
87:16 Scout Tower
87:16 Scout Tower
87:16 Scout Tower
87:17 Scout Tower
87:17 Scout Tower
87:17 Scout Tower
87:17 Scout Tower
87:18 Scout Tower
87:18 Scout Tower
87:18 Scout Tower
87:18 Scout Tower
87:19 Scout Tower
87:28 Scout Tower
87:29 Scout Tower
87:30 Scout Tower
87:32 Scout Tower
87:32 Scout Tower
87:33 Scout Tower
87:34 Scout Tower
87:35 Scout Tower
87:35 Scout Tower
87:35 Scout Tower
87:36 Scout Tower
87:36 Scout Tower
87:37 Scout Tower
87:38 Scout Tower
87:38 Scout Tower
87:40 Scout Tower
87:49 Scout Tower
87:49 Scout Tower
87:49 Scout Tower
87:50 Scout Tower
87:50 Scout Tower
87:50 Scout Tower
87:50 Scout Tower
87:51 Scout Tower
87:51 Scout Tower
87:51 Scout Tower
87:51 Scout Tower
87:52 Scout Tower
87:52 Scout Tower
87:52 Scout Tower
87:52 Scout Tower
87:54 Scout Tower
87:55 Scout Tower
87:55 Scout Tower
87:55 Scout Tower
87:56 Scout Tower
87:56 Scout Tower
87:57 Scout Tower
87:57 Scout Tower
87:58 Scout Tower
87:58 Scout Tower
87:59 Scout Tower
87:59 Scout Tower
87:59 Scout Tower
88:00 Scout Tower
88:00 Scout Tower
88:01 Scout Tower
88:01 Scout Tower
88:02 Scout Tower
88:02 Scout Tower
89:52 Scout Tower
89:52 Scout Tower
89:53 Scout Tower
89:53 Scout Tower
89:53 Scout Tower
89:53 Scout Tower
89:54 Scout Tower
89:54 Scout Tower
89:54 Scout Tower
89:54 Scout Tower
89:55 Scout Tower
89:55 Scout Tower
89:55 Scout Tower
89:56 Scout Tower
89:56 Scout Tower
89:57 Scout Tower
89:57 Scout Tower
89:58 Scout Tower
89:58 Scout Tower
89:58 Scout Tower
89:58 Scout Tower
89:59 Scout Tower
89:59 Scout Tower
89:59 Scout Tower
90:00 Scout Tower
90:00 Scout Tower
90:00 Scout Tower
90:01 Scout Tower
90:01 Scout Tower
90:01 Scout Tower
90:02 Scout Tower
90:02 Scout Tower
90:02 Scout Tower
90:03 Scout Tower
90:03 Scout Tower
90:03 Scout Tower
90:04 Scout Tower
90:04 Scout Tower
90:05 Scout Tower
90:05 Scout Tower
90:05 Scout Tower
90:12 Scout Tower
90:13 Scout Tower
90:13 Scout Tower
90:14 Scout Tower
90:15 Scout Tower
90:16 Scout Tower
90:17 Scout Tower
90:19 Scout Tower
90:19 Scout Tower
90:20 Scout Tower
90:21 Scout Tower
90:23 Scout Tower
90:24 Scout Tower
90:25 Scout Tower
90:25 Scout Tower
90:26 Scout Tower
90:27 Scout Tower
90:27 Scout Tower
90:28 Scout Tower
90:29 Scout Tower
90:30 Scout Tower
90:31 Scout Tower
90:32 Scout Tower
90:33 Scout Tower
90:34 Scout Tower
90:34 Scout Tower
90:35 Scout Tower
90:36 Scout Tower
90:37 Scout Tower
90:38 Scout Tower
90:38 Scout Tower
90:39 Scout Tower
90:40 Scout Tower
90:41 Scout Tower
90:43 Scout Tower
90:43 Scout Tower
90:44 Scout Tower
90:45 Scout Tower
90:46 Scout Tower
90:46 Scout Tower
90:47 Scout Tower
90:48 Scout Tower
90:49 Scout Tower
90:49 Scout Tower
90:50 Scout Tower
90:51 Scout Tower
90:57 Scout Tower
90:57 Scout Tower
90:58 Scout Tower
90:58 Scout Tower
90:58 Scout Tower
90:58 Scout Tower
90:59 Scout Tower
90:59 Scout Tower
91:00 Scout Tower
91:00 Scout Tower
91:00 Scout Tower
91:01 Scout Tower
91:01 Scout Tower
91:01 Scout Tower
91:02 Scout Tower
91:02 Scout Tower
91:03 Scout Tower
91:03 Scout Tower
91:03 Scout Tower
91:03 Scout Tower
91:04 Scout Tower
91:04 Scout Tower
91:05 Scout Tower
91:05 Scout Tower
91:06 Scout Tower
91:06 Scout Tower
91:06 Scout Tower
91:06 Scout Tower
91:07 Scout Tower
91:07 Scout Tower
91:07 Scout Tower
91:37 Scout Tower
91:37 Scout Tower
91:37 Scout Tower
91:38 Scout Tower
91:38 Scout Tower
91:39 Scout Tower
91:39 Scout Tower
91:39 Scout Tower
91:40 Scout Tower
91:41 Scout Tower
91:41 Scout Tower
91:41 Scout Tower
91:42 Scout Tower
91:44 Scout Tower
91:44 Scout Tower
91:44 Scout Tower
91:45 Scout Tower
91:46 Scout Tower
91:46 Scout Tower
91:46 Scout Tower
91:47 Scout Tower
91:47 Scout Tower
91:48 Scout Tower
91:49 Scout Tower
91:49 Scout Tower
91:50 Scout Tower
91:50 Scout Tower
91:50 Scout Tower
91:51 Scout Tower
91:52 Scout Tower
91:53 Scout Tower
91:53 Scout Tower
91:53 Scout Tower
91:54 Scout Tower
91:54 Scout Tower
91:55 Scout Tower
91:55 Scout Tower
91:56 Scout Tower
91:57 Scout Tower
91:57 Scout Tower
91:58 Scout Tower
91:59 Scout Tower
92:00 Scout Tower
92:11 Scout Tower
92:12 Scout Tower
92:12 Scout Tower
92:14 Scout Tower
92:15 Scout Tower
92:24 Scout Tower
92:24 Scout Tower
92:25 Scout Tower
92:26 Scout Tower
92:27 Scout Tower
92:27 Scout Tower
92:28 Scout Tower
92:31 Scout Tower
92:31 Scout Tower
92:32 Scout Tower
92:33 Scout Tower
92:41 Scout Tower
92:42 Scout Tower
92:42 Scout Tower
92:43 Scout Tower
92:43 Scout Tower
92:44 Scout Tower
92:45 Scout Tower
92:47 Scout Tower
92:48 Scout Tower
93:29 Scout Tower
93:29 Scout Tower
93:31 Scout Tower
93:32 Scout Tower
93:33 Scout Tower
93:34 Scout Tower
93:35 Scout Tower
93:36 Scout Tower
93:37 Scout Tower
93:38 Scout Tower
93:39 Scout Tower
93:40 Scout Tower
93:41 Scout Tower
93:41 Scout Tower
93:42 Scout Tower
93:43 Scout Tower
93:44 Scout Tower
93:45 Scout Tower
93:46 Scout Tower
93:49 Scout Tower
94:02 Scout Tower
94:02 Scout Tower
94:02 Scout Tower
94:03 Scout Tower
94:03 Scout Tower
94:03 Scout Tower
94:03 Scout Tower
94:04 Scout Tower
94:04 Scout Tower
94:04 Scout Tower
94:04 Scout Tower
94:05 Scout Tower
94:05 Scout Tower
94:05 Scout Tower
94:05 Scout Tower
94:06 Scout Tower
94:06 Scout Tower
94:06 Scout Tower
94:06 Scout Tower
94:07 Scout Tower
94:07 Scout Tower
94:07 Scout Tower
94:07 Scout Tower
94:08 Scout Tower
94:08 Scout Tower
97:26 Scout Tower
97:27 Scout Tower
97:28 Scout Tower
97:29 Scout Tower
97:30 Scout Tower
97:31 Scout Tower
97:34 Scout Tower
97:34 Scout Tower
97:34 Scout Tower
97:35 Scout Tower
97:35 Scout Tower
97:35 Scout Tower
97:35 Scout Tower
97:36 Scout Tower
97:36 Scout Tower
97:37 Scout Tower
97:37 Scout Tower
97:38 Scout Tower
97:38 Scout Tower
97:38 Scout Tower
97:38 Scout Tower
97:39 Scout Tower
97:39 Scout Tower
97:39 Scout Tower
97:39 Scout Tower
97:40 Scout Tower
97:40 Scout Tower
97:40 Scout Tower
97:40 Scout Tower
97:41 Scout Tower
97:41 Scout Tower
97:41 Scout Tower
97:41 Scout Tower
97:42 Scout Tower
97:42 Scout Tower
97:42 Scout Tower
97:42 Scout Tower
97:43 Scout Tower
97:43 Scout Tower
97:43 Scout Tower
97:43 Scout Tower
97:44 Scout Tower
97:44 Scout Tower
100:45 Scout Tower
100:45 Scout Tower
100:45 Scout Tower
100:46 Scout Tower
100:46 Scout Tower
100:46 Scout Tower
100:47 Scout Tower
100:47 Scout Tower
100:47 Scout Tower
100:47 Scout Tower
100:48 Scout Tower
100:48 Scout Tower
100:48 Scout Tower
100:49 Scout Tower
100:49 Scout Tower
100:49 Scout Tower
100:50 Scout Tower
100:50 Scout Tower
100:50 Scout Tower
100:51 Scout Tower
100:51 Scout Tower
100:51 Scout Tower
100:52 Scout Tower
100:52 Scout Tower
100:52 Scout Tower
100:52 Scout Tower
100:53 Scout Tower
100:53 Scout Tower
103:03 Scout Tower
103:03 Scout Tower
103:04 Scout Tower
103:05 Scout Tower
103:05 Scout Tower
103:06 Scout Tower
103:07 Scout Tower
103:08 Scout Tower
103:09 Scout Tower
103:10 Scout Tower
103:11 Scout Tower
103:11 Scout Tower
103:13 Scout Tower
103:14 Scout Tower
103:14 Scout Tower
103:16 Scout Tower
103:17 Scout Tower
103:17 Scout Tower
103:18 Scout Tower
103:19 Scout Tower
103:19 Scout Tower
103:20 Scout Tower
103:21 Scout Tower
103:21 Scout Tower
103:22 Scout Tower
103:22 Scout Tower
103:23 Scout Tower
103:23 Scout Tower
103:24 Scout Tower
103:25 Scout Tower
103:25 Scout Tower
103:26 Scout Tower
103:26 Scout Tower
103:27 Scout Tower
103:28 Scout Tower
103:28 Scout Tower
103:29 Scout Tower
103:29 Scout Tower
103:29 Scout Tower
103:30 Scout Tower
103:30 Scout Tower
103:31 Scout Tower
103:31 Scout Tower
103:33 Scout Tower
103:34 Scout Tower
103:34 Scout Tower
103:35 Scout Tower
103:35 Scout Tower
103:36 Scout Tower
103:36 Scout Tower
103:36 Scout Tower
103:37 Scout Tower
103:42 Scout Tower
103:43 Scout Tower
103:43 Scout Tower
103:44 Scout Tower
103:44 Scout Tower
103:44 Scout Tower
103:44 Scout Tower
103:45 Scout Tower
103:46 Scout Tower
103:46 Scout Tower
103:46 Scout Tower
103:46 Scout Tower
103:47 Scout Tower
103:47 Scout Tower
103:47 Scout Tower
103:48 Scout Tower
103:48 Scout Tower
103:48 Scout Tower
103:48 Scout Tower
103:49 Scout Tower
103:49 Scout Tower
103:51 Scout Tower
103:52 Scout Tower
103:52 Scout Tower
103:52 Scout Tower
103:52 Scout Tower
103:53 Scout Tower
103:53 Scout Tower
103:53 Scout Tower
103:54 Scout Tower
103:54 Scout Tower
103:54 Scout Tower
103:54 Scout Tower
103:55 Scout Tower
103:55 Scout Tower
103:55 Scout Tower
103:55 Scout Tower
103:56 Scout Tower
103:56 Scout Tower
103:56 Scout Tower
104:06 Scout Tower
104:07 Scout Tower
104:08 Scout Tower
104:08 Scout Tower
104:09 Scout Tower
104:10 Scout Tower
104:11 Scout Tower
104:12 Scout Tower
104:13 Scout Tower
104:13 Scout Tower
104:14 Scout Tower
104:15 Scout Tower
104:15 Scout Tower
104:16 Scout Tower
104:17 Scout Tower
104:17 Scout Tower
104:18 Scout Tower
104:18 Scout Tower
104:19 Scout Tower
104:19 Scout Tower
104:20 Scout Tower
104:36 Scout Tower
104:37 Scout Tower
104:38 Scout Tower
104:38 Scout Tower
104:39 Scout Tower
104:40 Scout Tower
104:40 Scout Tower
104:41 Scout Tower
104:41 Scout Tower
104:42 Scout Tower
104:42 Scout Tower
104:42 Scout Tower
104:43 Scout Tower
104:43 Scout Tower
104:44 Scout Tower
104:44 Scout Tower
104:45 Scout Tower
104:45 Scout Tower
104:46 Scout Tower
104:46 Scout Tower
104:47 Scout Tower
104:47 Scout Tower
104:48 Scout Tower
104:48 Scout Tower
104:49 Scout Tower
104:50 Scout Tower
104:50 Scout Tower
104:51 Scout Tower
104:52 Scout Tower
104:52 Scout Tower
104:52 Scout Tower
104:53 Scout Tower
104:53 Scout Tower
104:54 Scout Tower
104:55 Scout Tower
104:55 Scout Tower
104:56 Scout Tower
104:56 Scout Tower
104:57 Scout Tower
104:57 Scout Tower
104:57 Scout Tower
104:58 Scout Tower
104:59 Scout Tower
105:33 Scout Tower
105:34 Scout Tower
105:35 Scout Tower
105:35 Scout Tower
105:37 Scout Tower
105:37 Scout Tower
105:38 Scout Tower
105:39 Scout Tower
105:40 Scout Tower
105:40 Scout Tower
105:43 Scout Tower
105:43 Scout Tower
105:44 Scout Tower
105:45 Scout Tower
105:46 Scout Tower
105:46 Scout Tower
105:47 Scout Tower
105:48 Scout Tower
105:49 Scout Tower
105:50 Scout Tower
105:50 Scout Tower
105:51 Scout Tower
105:52 Scout Tower
105:52 Scout Tower
105:53 Scout Tower
105:54 Scout Tower
105:54 Scout Tower
105:55 Scout Tower
105:56 Scout Tower
105:57 Scout Tower
105:57 Scout Tower
105:58 Scout Tower
105:59 Scout Tower
106:00 Scout Tower
106:01 Scout Tower
106:02 Scout Tower
106:03 Scout Tower
106:03 Scout Tower
106:04 Scout Tower
106:05 Scout Tower
106:06 Scout Tower
106:07 Scout Tower
106:07 Scout Tower
106:08 Scout Tower
106:08 Scout Tower
106:08 Scout Tower
106:09 Scout Tower
106:09 Scout Tower
106:10 Scout Tower
106:10 Scout Tower
106:10 Scout Tower
106:11 Scout Tower
106:11 Scout Tower
106:12 Scout Tower
106:12 Scout Tower
106:12 Scout Tower
106:13 Scout Tower
106:13 Scout Tower
106:14 Scout Tower
106:14 Scout Tower
106:14 Scout Tower
106:15 Scout Tower
106:15 Scout Tower
106:15 Scout Tower
106:16 Scout Tower
106:16 Scout Tower
106:17 Scout Tower
106:17 Scout Tower
106:17 Scout Tower
106:18 Scout Tower
106:18 Scout Tower
106:19 Scout Tower
106:20 Scout Tower
106:21 Scout Tower
106:21 Scout Tower
106:22 Scout Tower
106:22 Scout Tower
106:30 Scout Tower
106:31 Scout Tower
106:31 Scout Tower
106:31 Scout Tower
106:32 Scout Tower
106:32 Scout Tower
106:32 Scout Tower
106:32 Scout Tower
106:33 Scout Tower
106:33 Scout Tower
106:33 Scout Tower
106:33 Scout Tower
106:34 Scout Tower
106:34 Scout Tower
106:34 Scout Tower
106:34 Scout Tower
106:35 Scout Tower
106:35 Scout Tower
106:35 Scout Tower
106:35 Scout Tower
106:36 Scout Tower
106:42 Scout Tower
106:43 Scout Tower
106:43 Scout Tower
106:44 Scout Tower
106:45 Scout Tower
106:46 Scout Tower
106:47 Scout Tower
106:48 Scout Tower
106:48 Scout Tower
106:49 Scout Tower
106:50 Scout Tower
106:50 Scout Tower
106:51 Scout Tower
106:52 Scout Tower
106:53 Scout Tower
106:56 Scout Tower
106:57 Scout Tower
106:58 Scout Tower
107:22 Scout Tower
107:27 Scout Tower
107:29 Scout Tower
107:29 Scout Tower
107:30 Scout Tower
107:30 Scout Tower
107:31 Scout Tower
107:32 Scout Tower
107:32 Scout Tower
107:33 Scout Tower
107:34 Scout Tower
107:35 Scout Tower
107:36 Scout Tower
107:37 Scout Tower
107:37 Scout Tower
107:39 Scout Tower
107:39 Scout Tower
107:40 Scout Tower
107:41 Scout Tower
107:42 Scout Tower
107:47 Scout Tower
107:47 Scout Tower
107:48 Scout Tower
107:48 Scout Tower
107:48 Scout Tower
107:49 Scout Tower
107:49 Scout Tower
107:49 Scout Tower
107:49 Scout Tower
107:50 Scout Tower
107:50 Scout Tower
107:51 Scout Tower
107:52 Scout Tower
107:53 Scout Tower
107:53 Scout Tower
107:53 Scout Tower
107:54 Scout Tower
107:54 Scout Tower
107:54 Scout Tower
107:54 Scout Tower
107:55 Scout Tower
107:55 Scout Tower
107:55 Scout Tower
107:56 Scout Tower
107:56 Scout Tower
107:57 Scout Tower
107:57 Scout Tower
107:57 Scout Tower
107:58 Scout Tower
107:58 Scout Tower
107:58 Scout Tower
107:59 Scout Tower
108:04 Scout Tower
108:04 Scout Tower
108:04 Scout Tower
108:04 Scout Tower
108:05 Scout Tower
108:05 Scout Tower
108:05 Scout Tower
108:05 Scout Tower
108:06 Scout Tower
108:06 Scout Tower
108:06 Scout Tower
108:06 Scout Tower
108:07 Scout Tower
108:07 Scout Tower
108:07 Scout Tower
108:22 Scout Tower
108:23 Scout Tower
108:24 Scout Tower
108:25 Scout Tower
108:26 Scout Tower
108:27 Scout Tower
108:28 Scout Tower
108:28 Scout Tower
108:32 Scout Tower
108:33 Scout Tower
108:34 Scout Tower
108:35 Scout Tower
108:36 Scout Tower
108:51 Scout Tower
108:52 Scout Tower
108:53 Scout Tower
108:54 Scout Tower
108:55 Scout Tower
108:56 Scout Tower
108:57 Scout Tower
108:58 Scout Tower
108:59 Scout Tower
109:00 Scout Tower
109:00 Scout Tower
109:07 Scout Tower
109:11 Scout Tower
109:12 Scout Tower
109:26 Scout Tower
109:29 Scout Tower
109:30 Scout Tower
109:31 Scout Tower
109:32 Scout Tower
109:34 Scout Tower
109:37 Scout Tower
109:38 Scout Tower
109:39 Scout Tower
109:40 Scout Tower
109:41 Scout Tower
109:43 Scout Tower
109:46 Scout Tower
109:47 Scout Tower
109:48 Scout Tower
109:49 Scout Tower
109:50 Scout Tower
109:52 Scout Tower
109:53 Scout Tower
109:53 Scout Tower
109:55 Scout Tower
109:56 Scout Tower
109:57 Scout Tower
109:58 Scout Tower
109:59 Scout Tower
110:00 Scout Tower
110:02 Scout Tower
110:02 Scout Tower
110:03 Scout Tower
110:06 Scout Tower
110:06 Scout Tower
110:09 Scout Tower
110:10 Scout Tower
111:06 Scout Tower
111:08 Scout Tower
111:09 Scout Tower
111:10 Scout Tower
111:11 Scout Tower
111:24 Scout Tower
111:25 Scout Tower
111:25 Scout Tower
111:26 Scout Tower
111:27 Scout Tower
111:28 Scout Tower
111:31 Scout Tower
111:32 Scout Tower
111:33 Scout Tower
111:34 Scout Tower
111:35 Scout Tower
111:38 Scout Tower
111:39 Scout Tower
111:39 Scout Tower
111:40 Scout Tower
111:41 Scout Tower
111:42 Scout Tower
111:43 Scout Tower
111:44 Scout Tower
111:44 Scout Tower
111:45 Scout Tower
111:46 Scout Tower
111:48 Scout Tower
111:49 Scout Tower
111:50 Scout Tower
111:51 Scout Tower
111:53 Scout Tower
111:54 Scout Tower
111:55 Scout Tower
111:59 Scout Tower
112:00 Scout Tower
112:01 Scout Tower
112:02 Scout Tower
112:03 Scout Tower
112:04 Scout Tower
112:44 Scout Tower
112:45 Scout Tower
112:46 Scout Tower
112:48 Scout Tower
112:48 Scout Tower
112:49 Scout Tower
112:51 Scout Tower
112:52 Scout Tower
112:53 Scout Tower
112:53 Scout Tower
112:54 Scout Tower
112:56 Scout Tower
112:57 Scout Tower
113:00 Scout Tower
113:01 Scout Tower
113:01 Scout Tower
113:03 Scout Tower
113:04 Scout Tower
113:05 Scout Tower
113:05 Scout Tower
113:05 Scout Tower
113:05 Scout Tower
113:06 Scout Tower
113:06 Scout Tower
113:06 Scout Tower
113:06 Scout Tower
113:07 Scout Tower
113:07 Scout Tower
113:07 Scout Tower
113:07 Scout Tower
113:08 Scout Tower
113:08 Scout Tower
113:08 Scout Tower
113:08 Scout Tower
113:09 Scout Tower
113:09 Scout Tower
113:09 Scout Tower
113:09 Scout Tower
113:10 Scout Tower
113:10 Scout Tower
113:10 Scout Tower
113:10 Scout Tower
113:11 Scout Tower
113:11 Scout Tower
113:11 Scout Tower
113:12 Scout Tower
113:12 Scout Tower
113:12 Scout Tower
113:12 Scout Tower
113:13 Scout Tower
113:13 Scout Tower
113:14 Scout Tower
113:14 Scout Tower
113:14 Scout Tower
113:14 Scout Tower
113:15 Scout Tower
113:15 Scout Tower
113:15 Scout Tower
113:16 Scout Tower
113:16 Scout Tower
113:16 Scout Tower
113:16 Scout Tower
113:17 Scout Tower
113:17 Scout Tower
113:17 Scout Tower
113:17 Scout Tower
113:18 Scout Tower
113:18 Scout Tower
113:18 Scout Tower
113:19 Scout Tower
113:19 Scout Tower
113:19 Scout Tower
113:19 Scout Tower
113:20 Scout Tower
113:20 Scout Tower
113:20 Scout Tower
113:20 Scout Tower
113:21 Scout Tower
113:21 Scout Tower
113:21 Scout Tower
113:21 Scout Tower
113:22 Scout Tower
113:22 Scout Tower
113:22 Scout Tower
113:23 Scout Tower
113:41 Scout Tower
113:41 Scout Tower
113:41 Scout Tower
113:41 Scout Tower
113:42 Scout Tower
113:42 Scout Tower
113:42 Scout Tower
113:42 Scout Tower
113:43 Scout Tower
113:43 Scout Tower
113:43 Scout Tower
113:43 Scout Tower
113:44 Scout Tower
113:44 Scout Tower
113:45 Scout Tower
113:45 Scout Tower
113:45 Scout Tower
113:45 Scout Tower
113:46 Scout Tower
113:46 Scout Tower
113:46 Scout Tower
113:46 Scout Tower
113:47 Scout Tower
113:47 Scout Tower
113:47 Scout Tower
113:47 Scout Tower
113:48 Scout Tower
113:48 Scout Tower
113:48 Scout Tower
113:48 Scout Tower
113:49 Scout Tower
113:49 Scout Tower
113:49 Scout Tower
113:49 Scout Tower
113:50 Scout Tower
113:50 Scout Tower
113:50 Scout Tower
113:50 Scout Tower
113:51 Scout Tower
113:51 Scout Tower
113:51 Scout Tower
113:52 Scout Tower
113:52 Scout Tower
113:53 Scout Tower
113:53 Scout Tower
113:53 Scout Tower
113:53 Scout Tower
113:59 Scout Tower
114:02 Scout Tower
114:03 Scout Tower
114:05 Scout Tower
114:09 Scout Tower
114:10 Scout Tower
114:11 Scout Tower
114:12 Scout Tower
114:14 Scout Tower
114:15 Scout Tower
114:17 Scout Tower
114:18 Scout Tower
114:20 Scout Tower
114:27 Scout Tower
114:28 Scout Tower
114:29 Scout Tower
114:30 Scout Tower
114:31 Scout Tower
114:32 Scout Tower
114:34 Scout Tower
114:35 Scout Tower
114:35 Scout Tower
114:36 Scout Tower
114:37 Scout Tower
114:39 Scout Tower
114:40 Scout Tower
114:42 Scout Tower
114:43 Scout Tower
114:44 Scout Tower
114:45 Scout Tower
114:46 Scout Tower
114:47 Scout Tower
114:49 Scout Tower
114:49 Scout Tower
114:50 Scout Tower
114:51 Scout Tower
114:52 Scout Tower
114:53 Scout Tower
114:58 Scout Tower
114:58 Scout Tower
114:59 Scout Tower
115:01 Scout Tower
115:01 Scout Tower
115:03 Scout Tower
115:06 Scout Tower
115:07 Scout Tower
115:08 Scout Tower
116:40 Scout Tower
116:44 Scout Tower
116:46 Scout Tower
116:47 Scout Tower
116:47 Scout Tower
116:48 Scout Tower
117:12 Scout Tower
117:14 Scout Tower
117:19 Scout Tower
117:22 Scout Tower
117:29 Scout Tower
117:30 Scout Tower
117:31 Scout Tower
117:32 Scout Tower
117:33 Scout Tower
117:35 Scout Tower
117:36 Scout Tower
117:40 Scout Tower
117:41 Scout Tower
117:43 Scout Tower
117:44 Scout Tower
117:45 Scout Tower
117:46 Scout Tower
117:47 Scout Tower
117:48 Scout Tower
117:50 Scout Tower
117:51 Scout Tower
117:52 Scout Tower
117:54 Scout Tower
117:55 Scout Tower
117:56 Scout Tower
118:03 Scout Tower
118:05 Scout Tower
118:07 Scout Tower
118:10 Scout Tower
118:11 Scout Tower
118:12 Scout Tower
118:15 Scout Tower
118:15 Scout Tower
118:16 Scout Tower
118:17 Scout Tower
118:17 Scout Tower
118:18 Scout Tower
118:20 Scout Tower
118:21 Scout Tower
118:22 Scout Tower
118:22 Scout Tower
118:23 Scout Tower
118:24 Scout Tower
118:26 Scout Tower
118:27 Scout Tower
118:28 Scout Tower
118:29 Scout Tower
118:30 Scout Tower
118:34 Scout Tower
118:38 Scout Tower
119:17 Scout Tower
119:18 Scout Tower
119:18 Scout Tower
119:19 Scout Tower
119:20 Scout Tower
119:20 Scout Tower
119:22 Scout Tower
119:23 Scout Tower
119:24 Scout Tower
119:24 Scout Tower
119:25 Scout Tower
119:25 Scout Tower
119:26 Scout Tower
119:26 Scout Tower
119:27 Scout Tower
119:28 Scout Tower
119:28 Scout Tower
119:29 Scout Tower
119:29 Scout Tower
119:30 Scout Tower
119:31 Scout Tower
119:31 Scout Tower
119:32 Scout Tower
119:32 Scout Tower
119:33 Scout Tower
119:33 Scout Tower
119:34 Scout Tower
119:34 Scout Tower
119:35 Scout Tower
119:36 Scout Tower
119:36 Scout Tower
119:38 Scout Tower
119:38 Scout Tower
119:39 Scout Tower
119:39 Scout Tower
119:40 Scout Tower
119:41 Scout Tower
119:42 Scout Tower
119:42 Scout Tower
119:43 Scout Tower
119:44 Scout Tower
119:45 Scout Tower
119:46 Scout Tower
119:47 Scout Tower
119:47 Scout Tower
119:48 Scout Tower
119:48 Scout Tower
119:49 Scout Tower
119:49 Scout Tower
119:51 Scout Tower
119:52 Scout Tower
119:52 Scout Tower
119:53 Scout Tower
119:54 Scout Tower
119:55 Scout Tower
119:56 Scout Tower
119:58 Scout Tower
119:59 Scout Tower
119:59 Scout Tower
119:59 Scout Tower
120:00 Scout Tower
120:01 Scout Tower
120:01 Scout Tower
120:01 Scout Tower
120:02 Scout Tower
120:02 Scout Tower
120:03 Scout Tower
120:03 Scout Tower
120:03 Scout Tower
120:03 Scout Tower
120:04 Scout Tower
120:04 Scout Tower
120:04 Scout Tower
120:05 Scout Tower
120:05 Scout Tower
120:06 Scout Tower
120:07 Scout Tower
120:07 Scout Tower
120:07 Scout Tower
120:07 Scout Tower
120:08 Scout Tower
120:09 Scout Tower
120:09 Scout Tower
120:09 Scout Tower
120:09 Scout Tower
120:10 Scout Tower
120:10 Scout Tower
120:10 Scout Tower
120:10 Scout Tower
120:11 Scout Tower
120:11 Scout Tower
120:11 Scout Tower
120:11 Scout Tower
120:12 Scout Tower
120:13 Scout Tower
120:13 Scout Tower
120:13 Scout Tower
120:13 Scout Tower
120:14 Scout Tower
120:14 Scout Tower
120:15 Scout Tower
120:15 Scout Tower
120:15 Scout Tower
120:15 Scout Tower
120:16 Scout Tower
120:16 Scout Tower
120:16 Scout Tower
120:17 Scout Tower
120:27 Scout Tower
120:28 Scout Tower
120:29 Scout Tower
120:29 Scout Tower
120:30 Scout Tower
120:31 Scout Tower
120:32 Scout Tower
120:33 Scout Tower
120:35 Scout Tower
120:43 Scout Tower
120:44 Scout Tower
120:45 Scout Tower
120:46 Scout Tower
120:48 Scout Tower
120:49 Scout Tower
120:50 Scout Tower
120:51 Scout Tower
120:52 Scout Tower
120:54 Scout Tower
120:55 Scout Tower
120:56 Scout Tower
120:57 Scout Tower
120:58 Scout Tower
120:59 Scout Tower
121:00 Scout Tower
121:01 Scout Tower
121:03 Scout Tower
121:03 Scout Tower
121:04 Scout Tower
121:05 Scout Tower
121:05 Scout Tower
121:07 Scout Tower
121:08 Scout Tower
121:09 Scout Tower
121:11 Scout Tower
121:12 Scout Tower
121:13 Scout Tower
121:14 Scout Tower
121:15 Scout Tower
121:16 Scout Tower
121:17 Scout Tower
121:19 Scout Tower
121:21 Scout Tower
121:24 Scout Tower
121:26 Scout Tower
121:27 Scout Tower
121:29 Scout Tower
121:40 Scout Tower
121:40 Scout Tower
121:41 Scout Tower
121:42 Scout Tower
121:43 Scout Tower
121:44 Scout Tower
121:44 Scout Tower
121:45 Scout Tower
121:45 Scout Tower
121:46 Scout Tower
121:47 Scout Tower
121:47 Scout Tower
121:48 Scout Tower
121:48 Scout Tower
121:49 Scout Tower
121:49 Scout Tower
121:50 Scout Tower
121:50 Scout Tower
121:51 Scout Tower
121:52 Scout Tower
121:53 Scout Tower
121:53 Scout Tower
121:54 Scout Tower
121:54 Scout Tower
121:55 Scout Tower
121:55 Scout Tower
121:56 Scout Tower
121:57 Scout Tower
121:57 Scout Tower
121:57 Scout Tower
121:58 Scout Tower
121:58 Scout Tower
121:59 Scout Tower
121:59 Scout Tower
122:00 Scout Tower
122:01 Scout Tower
122:01 Scout Tower
122:02 Scout Tower
122:02 Scout Tower
122:02 Scout Tower
122:03 Scout Tower
122:03 Scout Tower
122:04 Scout Tower
122:05 Scout Tower
122:06 Scout Tower
122:06 Scout Tower
122:06 Scout Tower
122:07 Scout Tower
122:07 Scout Tower
122:08 Scout Tower
122:08 Scout Tower
122:09 Scout Tower
122:09 Scout Tower
122:10 Scout Tower
122:10 Scout Tower
122:11 Scout Tower
122:16 Scout Tower
122:17 Scout Tower
122:17 Scout Tower
122:17 Scout Tower
122:18 Scout Tower
122:18 Scout Tower
122:19 Scout Tower
122:19 Scout Tower
122:19 Scout Tower
122:20 Scout Tower
122:20 Scout Tower
122:31 Scout Tower
122:31 Scout Tower
122:32 Scout Tower
122:32 Scout Tower
122:33 Scout Tower
122:33 Scout Tower
122:34 Scout Tower
122:34 Scout Tower
122:35 Scout Tower
122:35 Scout Tower
122:36 Scout Tower
122:36 Scout Tower
122:36 Scout Tower
122:37 Scout Tower
122:37 Scout Tower
122:38 Scout Tower
122:39 Scout Tower
123:32 Scout Tower
123:33 Scout Tower
123:34 Scout Tower
123:35 Scout Tower
123:35 Scout Tower
123:36 Scout Tower
123:37 Scout Tower
123:38 Scout Tower
123:39 Scout Tower
123:43 Scout Tower
123:43 Scout Tower
123:44 Scout Tower
123:45 Scout Tower
123:45 Scout Tower
123:46 Scout Tower
123:47 Scout Tower
123:48 Scout Tower
123:49 Scout Tower
123:49 Scout Tower
123:50 Scout Tower
123:50 Scout Tower
123:50 Scout Tower
123:51 Scout Tower
123:51 Scout Tower
123:52 Scout Tower
123:53 Scout Tower
124:02 Scout Tower
124:04 Scout Tower
124:06 Scout Tower
124:26 Scout Tower
124:29 Scout Tower
124:31 Scout Tower
124:35 Scout Tower
124:41 Scout Tower
124:43 Scout Tower
124:51 Scout Tower
124:52 Scout Tower
124:54 Scout Tower
124:55 Scout Tower
124:58 Scout Tower
124:59 Scout Tower
125:00 Scout Tower
125:03 Scout Tower
125:04 Scout Tower
125:07 Scout Tower
125:08 Scout Tower
125:09 Scout Tower
125:12 Scout Tower
125:13 Scout Tower
125:17 Scout Tower
125:18 Scout Tower
125:19 Scout Tower
125:20 Scout Tower
125:29 Scout Tower
125:30 Scout Tower
125:31 Scout Tower
125:31 Scout Tower
125:32 Scout Tower
125:33 Scout Tower
125:34 Scout Tower
125:35 Scout Tower
125:36 Scout Tower
125:37 Scout Tower
126:34 Scout Tower
126:35 Scout Tower
126:37 Scout Tower
126:38 Scout Tower
126:39 Scout Tower
126:41 Scout Tower
126:42 Scout Tower
126:48 Scout Tower
126:53 Scout Tower
126:57 Scout Tower
127:02 Scout Tower
127:04 Scout Tower
127:05 Scout Tower
127:07 Scout Tower
127:08 Scout Tower
127:09 Scout Tower
127:10 Scout Tower
127:12 Scout Tower
127:12 Scout Tower
127:14 Scout Tower
127:14 Scout Tower
127:15 Scout Tower
127:18 Scout Tower
127:19 Scout Tower
127:20 Scout Tower
127:21 Scout Tower
127:23 Scout Tower
127:25 Scout Tower
127:26 Scout Tower
127:29 Scout Tower
127:30 Scout Tower
127:31 Scout Tower
127:32 Scout Tower
127:35 Scout Tower
127:36 Scout Tower
127:38 Scout Tower
127:39 Scout Tower
127:40 Scout Tower
129:05 Scout Tower
129:06 Scout Tower
129:11 Scout Tower
129:19 Scout Tower
129:21 Scout Tower
129:22 Scout Tower
129:23 Scout Tower
129:25 Scout Tower
129:26 Scout Tower
129:27 Scout Tower
129:29 Scout Tower
129:39 Scout Tower
129:40 Scout Tower
129:41 Scout Tower
129:42 Scout Tower
129:44 Scout Tower
129:45 Scout Tower
129:47 Scout Tower
129:49 Scout Tower
130:05 Scout Tower
130:05 Scout Tower
130:08 Scout Tower
130:10 Scout Tower
130:12 Scout Tower
130:13 Scout Tower
131:16 Scout Tower
131:18 Scout Tower
131:19 Scout Tower
131:19 Scout Tower
131:20 Scout Tower
131:21 Scout Tower
131:28 Scout Tower
131:29 Scout Tower
131:30 Scout Tower
131:31 Scout Tower
131:32 Scout Tower
131:33 Scout Tower
132:17 Scout Tower
132:18 Scout Tower
132:25 Scout Tower
132:28 Scout Tower
132:29 Scout Tower
132:34 Scout Tower
132:39 Scout Tower
132:40 Scout Tower
132:40 Scout Tower
132:41 Scout Tower
132:42 Scout Tower
132:43 Scout Tower
133:00 Scout Tower
133:01 Scout Tower
133:03 Scout Tower
133:04 Scout Tower
133:11 Scout Tower
133:16 Scout Tower
133:17 Scout Tower
133:18 Scout Tower
133:20 Scout Tower
133:47 Scout Tower
133:51 Scout Tower
133:53 Scout Tower
133:56 Scout Tower
134:02 Scout Tower
134:16 Scout Tower
134:26 Scout Tower
134:28 Scout Tower
134:31 Scout Tower
134:33 Scout Tower
134:37 Scout Tower
134:49 Scout Tower
134:55 Scout Tower
135:25 Scout Tower
135:28 Scout Tower
135:40 Scout Tower
135:48 Scout Tower
135:56 Scout Tower
135:59 Scout Tower
136:26 Scout Tower
136:31 Scout Tower
137:04 Scout Tower
137:16 Guard Tower
137:17 Guard Tower
137:17 Guard Tower
137:18 Guard Tower
137:19 Guard Tower
137:20 Guard Tower
137:22 Guard Tower
137:23 Guard Tower
137:24 Guard Tower
137:25 Guard Tower
137:25 Guard Tower
137:27 Guard Tower
137:28 Guard Tower
137:29 Guard Tower
137:30 Guard Tower
137:30 Guard Tower
137:33 Guard Tower
137:34 Guard Tower
137:34 Guard Tower
137:35 Guard Tower
137:36 Guard Tower
137:36 Guard Tower
137:38 Guard Tower
137:39 Guard Tower
137:41 Guard Tower
137:45 Guard Tower
137:45 Guard Tower
137:46 Guard Tower
137:47 Guard Tower
137:50 Guard Tower
137:52 Guard Tower
137:53 Guard Tower
137:56 Guard Tower
137:58 Guard Tower
137:59 Guard Tower
138:00 Guard Tower
138:01 Guard Tower
138:03 Guard Tower
138:04 Guard Tower
138:05 Guard Tower
138:06 Guard Tower
138:07 Guard Tower
138:09 Guard Tower
138:09 Guard Tower
138:16 Guard Tower
138:17 Guard Tower
138:18 Guard Tower
138:18 Guard Tower
138:19 Guard Tower
138:20 Guard Tower
138:21 Guard Tower
138:22 Guard Tower
138:23 Guard Tower
138:23 Guard Tower
138:24 Guard Tower
138:25 Guard Tower
138:27 Guard Tower
138:31 Guard Tower
138:31 Guard Tower
138:59 Guard Tower
140:10 Scout Tower
140:10 Scout Tower
140:11 Scout Tower
140:11 Scout Tower
140:12 Scout Tower
140:12 Scout Tower
140:12 Scout Tower
140:13 Scout Tower
140:14 Scout Tower
140:14 Scout Tower
140:15 Scout Tower
140:15 Scout Tower
140:16 Scout Tower
140:16 Scout Tower
140:17 Scout Tower
140:17 Scout Tower
140:18 Scout Tower
140:18 Scout Tower
140:19 Scout Tower
140:19 Scout Tower
140:20 Scout Tower
140:21 Scout Tower
140:21 Scout Tower
140:21 Scout Tower
140:22 Scout Tower
140:23 Scout Tower
140:26 Scout Tower
140:27 Scout Tower
140:28 Scout Tower
140:29 Scout Tower
140:30 Scout Tower
140:31 Scout Tower
140:32 Scout Tower
» items
| Boots of Speed | 3 | |
| Staff of Teleportation | 1 | |
| Scroll of Town Portal | 2 | |
6 total
Chat log
(00:01 / All) BRUCEWILLISUSA: lol
(00:14 / All) BRUCEWILLISUSA: any chance youre legit?
(00:19 / All) BRUCEWILLISUSA: or is this gonna be an afk war
(01:49 / All) Windx: u from america?
(01:56 / All) BRUCEWILLISUSA: this is the american server
(02:21 / All) Windx: afk?
(02:22 / All) Windx: heh
(03:02 / All) Windx: u going afk?
(03:06 / All) Windx: american time is ?
(03:08 / All) BRUCEWILLISUSA: not untnil all my stuff is dead
(04:02 / All) Windx: kk going sleep
(34:57 / All) BRUCEWILLISUSA: 11-0 solo
(35:02 / All) BRUCEWILLISUSA: hope all your games were like this
(35:02 / All) BRUCEWILLISUSA: rofl
(37:20 / All) BRUCEWILLISUSA: u know who i beat?
(37:23 / All) BRUCEWILLISUSA: from your clan
(37:27 / All) BRUCEWILLISUSA: germanyownsuall
(37:28 / All) BRUCEWILLISUSA: rofl
(37:35 / All) BRUCEWILLISUSA: he said
(37:38 / All) BRUCEWILLISUSA: "see you tomorrow"
(37:44 / All) BRUCEWILLISUSA: then 75 minutes later he quit
(39:07 / All) BRUCEWILLISUSA: VoE
(39:13 / All) BRUCEWILLISUSA: visions of exelence
(39:17 / All) BRUCEWILLISUSA: you misspelled excellence
(39:18 / All) BRUCEWILLISUSA: rofl